details: 'burrows in front for defense'

« prev index next »

General information

Mini Map

Players

team 1
Random» UndeadShade (yellow | 156 APM | 2793 actions | 17:56)
Hero icon 3 Archmage
Ability icon 2 Summon Water Elemental
Ability icon 1 Brilliance Aura
Hero icon 4 Death Knight
Ability icon 2 Death Coil
Ability icon 2 Unholy Aura
Hero icon 2 Lich
Ability icon 1 Frost Nova
Ability icon 1 Frost Armor
Hero icon 1 Pit Lord
Ability icon 1 Howl of Terror

» actions
Assign group hotkey38
Basic commands199
Build / train115
ESC pressed10
Enter build submenu52
Enter hero's abilities submenu10
Give item / drop item2
Right click658
Select / deselect439
Select group hotkey1146
Use ability124
2793 total
» units
Acolyte13
Ghoul7
Peasant2
Crypt Fiend7
Goblin Shredder2
Rifleman20
Frost Wyrm3
Flying Machine3
57 total
» upgrades
Gunpowder2
Armor2
Creature Attack1
Long Rifles1
Burrow1
Masonry1
Lumber Harvesting1
Flak Cannons1
Web1
11 total
» buildings
Crypt2
Ziggurat11
Tomb of Relics1
Altar of Darkness2
Blacksmith2
Barracks3
Farm9
Graveyard1
Scout Tower5
Arcane Tower1
Keep1
Halls of the Dead1
Arcane Vault1
Nerubian Tower3
Spirit Tower8
Necropolis1
Black Citadel1
Sacrificial Pit1
Lumber Mill1
Guard Tower3
Boneyard2
Castle1
Workshop2
63 total
» build order
00:06 Crypt
00:08 Ziggurat
00:36 Crypt
00:51 Tomb of Relics
00:58 Altar of Darkness
01:02 Altar of Darkness
01:33 Ziggurat
02:01 Blacksmith
02:02 Barracks
02:03 Barracks
02:04 Blacksmith
02:07 Farm
02:10 Barracks
02:14 Farm
02:28 Graveyard
02:44 Scout Tower
03:13 Arcane Tower
04:15 Ziggurat
05:14 Ziggurat
05:50 Farm
05:53 Farm
05:54 Keep
06:07 Halls of the Dead
06:33 Arcane Vault
06:39 Ziggurat
06:57 Nerubian Tower
06:58 Spirit Tower
07:55 Necropolis
08:00 Ziggurat
08:06 Farm
08:06 Farm
09:21 Spirit Tower
10:09 Black Citadel
10:21 Ziggurat
10:33 Sacrificial Pit
10:54 Scout Tower
10:55 Scout Tower
10:59 Lumber Mill
11:40 Spirit Tower
12:07 Guard Tower
12:12 Guard Tower
12:16 Scout Tower
12:17 Scout Tower
12:30 Ziggurat
12:31 Ziggurat
12:33 Ziggurat
12:39 Boneyard
12:40 Boneyard
13:27 Guard Tower
13:55 Ziggurat
13:57 Spirit Tower
13:57 Spirit Tower
13:57 Nerubian Tower
14:04 Spirit Tower
14:05 Nerubian Tower
14:53 Spirit Tower
14:53 Spirit Tower
15:23 Farm
15:23 Farm
15:23 Farm
15:27 Castle
15:29 Workshop
15:30 Workshop
» items
Rod of Necromancy2
Sacrificial Skull1
Dust of Appearance1
Potion of Healing2
Scroll of Town Portal6
Scroll of Regeneration1
Lesser Clarity Potion1
14 total
OrcDanielCormier (teal | 167 APM | 2999 actions | 17:56)
Hero icon 4 Tauren Chieftain
Ability icon 2 War Stomp
Ability icon 2 Endurance Aura
Hero icon 3 Shadow Hunter
Ability icon 2 Hex
Ability icon 1 Healing Wave
Hero icon 2 Pandaren Brewmaster
Ability icon 1 Drunken Haze
Ability icon 1 Breath of Fire

» actions
Assign group hotkey31
Basic commands191
Build / train69
ESC pressed4
Enter build submenu14
Enter hero's abilities submenu10
Give item / drop item1
Right click1592
Select / deselect564
Select group hotkey426
Use ability95
2999 total
» units
Peon8
Troll Headhunter/Berserker23
31 total
» upgrades
Reinforced Defenses1
Troll Regeneration1
Ranged Weapons2
Berserker Upgrade1
Armor1
6 total
» buildings
Altar of Storms1
Orc Burrow4
War Mill1
Barracks1
Voodoo Lounge2
Stronghold1
Great Hall3
Fortress1
Beastiary1
15 total
» build order
00:03 Altar of Storms
00:05 Orc Burrow
00:23 War Mill
01:06 Barracks
01:50 Voodoo Lounge
02:26 Orc Burrow
04:04 Stronghold
05:49 Great Hall
06:04 Orc Burrow
07:31 Fortress
08:36 Great Hall
10:54 Voodoo Lounge
13:55 Great Hall
14:35 Orc Burrow
16:03 Beastiary
» items
Healing Salve4
Lesser Clarity Potion9
Potion of Mana1
Tiny Great Hall1
Scroll of Town Portal2
17 total
Humanfag_piss (pink | 14 APM | 26 actions | 01:52)

» actions
Build / train5
ESC pressed1
Enter build submenu2
Right click9
Select / deselect7
Use ability2
26 total
» units
Peasant5
5 total
» buildings
Altar of Kings1
Farm1
2 total
» build order
00:24 Altar of Kings
00:36 Farm
Random» OrcLord_Ramzy (blue | 108 APM | 1939 actions | 17:56)
Hero icon 4 Tauren Chieftain
Ability icon 2 War Stomp
Ability icon 2 Endurance Aura

» actions
Assign group hotkey27
Basic commands113
Build / train51
ESC pressed5
Enter build submenu22
Enter hero's abilities submenu5
Give item / drop item2
Right click693
Select / deselect188
Select group hotkey790
Use ability42
1939 total
» units
Peon14
Grunt9
Shaman2
Tauren4
Troll Witch Doctor4
33 total
» upgrades
Spiked Barricades1
Melee Weapons1
Reinforced Defenses1
Shaman Training2
Witch Doctor Training2
Pulverize1
8 total
» buildings
Altar of Storms1
Orc Burrow9
Barracks1
Stronghold1
War Mill1
Great Hall2
Voodoo Lounge1
Watch Tower2
Spirit Lodge2
Fortress1
Tauren Totem2
23 total
» build order
00:12 Altar of Storms
00:23 Orc Burrow
00:36 Barracks
01:25 Orc Burrow
02:19 Orc Burrow
04:35 Stronghold
04:39 War Mill
06:02 Great Hall
06:08 Voodoo Lounge
06:38 Orc Burrow
07:17 Watch Tower
07:39 Spirit Lodge
07:40 Spirit Lodge
09:02 Fortress
09:59 Great Hall
10:17 Watch Tower
11:43 Tauren Totem
11:44 Tauren Totem
11:48 Orc Burrow
11:49 Orc Burrow
16:40 Orc Burrow
16:40 Orc Burrow
16:42 Orc Burrow
» items
Healing Salve2
Tiny Great Hall1
3 total
team 2
HumanReDeNToR (purple | 84 APM | 1514 actions | 17:56)
Hero icon 4 Archmage
Ability icon 2 Summon Water Elemental
Ability icon 2 Brilliance Aura
Hero icon 2 Firelord
Ability icon 1 Summon Lava Spawn
Ability icon 1 Soul Burn

» actions
Assign group hotkey58
Basic commands53
Build / train86
ESC pressed1
Enter build submenu31
Enter hero's abilities submenu6
Give item / drop item3
Remove unit from queue1
Right click610
Select / deselect370
Select group hotkey194
Use ability101
1514 total
» units
Peasant13
Footman7
Rifleman1
Goblin Shredder1
Priest6
Mortar Team7
Knight5
Spell Breaker2
42 total
» upgrades
Defend1
Gunpowder3
Lumber Harvesting2
Priest Training2
Fragmentation Shards1
Plating2
Barrage1
Animal War Training1
13 total
» buildings
Altar of Kings1
Farm11
Barracks1
Scout Tower5
Arcane Tower1
Town Hall2
Lumber Mill2
Arcane Vault1
Keep2
Guard Tower3
Blacksmith1
Arcane Sanctum1
Castle1
Workshop2
34 total
» build order
00:09 Altar of Kings
00:19 Farm
00:24 Barracks
00:36 Farm
01:36 Farm
01:48 Scout Tower
02:14 Arcane Tower
03:43 Town Hall
03:56 Lumber Mill
03:58 Lumber Mill
04:01 Arcane Vault
04:06 Farm
05:06 Scout Tower
05:08 Scout Tower
05:26 Keep
05:27 Keep
05:33 Guard Tower
05:33 Guard Tower
05:45 Guard Tower
06:00 Blacksmith
06:39 Farm
07:46 Farm
07:50 Scout Tower
07:51 Scout Tower
08:05 Arcane Sanctum
08:51 Castle
08:53 Workshop
09:23 Workshop
10:07 Farm
10:47 Farm
11:44 Farm
12:59 Farm
13:00 Farm
16:58 Town Hall
» items
Scroll of Regeneration5
Lesser Clarity Potion3
Scroll of Town Portal3
Orb of Fire1
Potion of Healing1
Potion of Mana1
Potion of Lesser Invulnerability1
15 total
Random» Undeadeasychoice (orange | 158 APM | 2827 actions | 17:56)
Hero icon 4 Death Knight
Ability icon 2 Death Coil
Ability icon 2 Unholy Aura
Hero icon 3 Dreadlord
Ability icon 2 Sleep
Ability icon 1 Vampiric Aura
Hero icon 2 Lich
Ability icon 1 Frost Nova
Ability icon 1 Frost Armor

» actions
Assign group hotkey41
Basic commands69
Build / train79
ESC pressed3
Enter build submenu25
Enter hero's abilities submenu10
Give item / drop item4
Right click931
Select / deselect400
Select group hotkey1213
Use ability52
2827 total
» units
Acolyte7
Ghoul24
Gargoyle8
39 total
» upgrades
Ghoul Frenzy1
Unholy Strength1
Creature Attack1
3 total
» buildings
Crypt3
Ziggurat6
Altar of Darkness1
Halls of the Dead2
Graveyard1
Black Citadel3
Tomb of Relics2
Necropolis1
19 total
» build order
00:23 Crypt
00:33 Ziggurat
00:37 Altar of Darkness
02:16 Halls of the Dead
02:16 Halls of the Dead
02:31 Ziggurat
02:54 Ziggurat
03:19 Graveyard
04:38 Black Citadel
04:38 Black Citadel
04:38 Black Citadel
05:06 Ziggurat
07:50 Tomb of Relics
07:52 Tomb of Relics
12:48 Necropolis
13:56 Ziggurat
13:57 Ziggurat
14:17 Crypt
14:18 Crypt
» items
Boots of Speed2
Circlet of Nobility3
Orb of Corruption1
Scroll of Town Portal4
Gloves of Haste1
Gauntlets of Ogre Strength +31
Periapt of Vitality1
13 total
UndeadMaDaRCH0D (green | 108 APM | 1944 actions | 17:56)
Hero icon 4 Death Knight
Ability icon 2 Death Coil
Ability icon 2 Unholy Aura
Hero icon 2 Lich
Ability icon 1 Frost Nova
Ability icon 1 Frost Armor
Hero icon 2 Crypt Lord
Ability icon 1 Impale
Ability icon 1 Spiked Carapace

» actions
Assign group hotkey63
Basic commands179
Build / train83
Enter build submenu25
Enter hero's abilities submenu8
Give item / drop item2
Right click580
Select / deselect253
Select group hotkey646
Use ability105
1944 total
» units
Acolyte7
Ghoul5
Crypt Fiend13
Obsidian Statue2
Frost Wyrm5
32 total
» upgrades
Creature Attack3
Destroyer Form1
Creature Carapace2
Web1
7 total
» buildings
Graveyard2
Crypt2
Altar of Darkness1
Ziggurat9
Tomb of Relics2
Halls of the Dead3
Necropolis1
Spirit Tower4
Black Citadel3
Slaughterhouse1
Sacrificial Pit1
Boneyard2
31 total
» build order
00:12 Graveyard
00:18 Crypt
00:26 Crypt
00:52 Altar of Darkness
01:02 Ziggurat
01:23 Tomb of Relics
02:06 Ziggurat
03:30 Ziggurat
05:24 Halls of the Dead
05:24 Halls of the Dead
05:24 Halls of the Dead
06:09 Ziggurat
06:11 Ziggurat
06:37 Ziggurat
06:40 Necropolis
06:45 Tomb of Relics
07:32 Graveyard
07:39 Spirit Tower
07:39 Spirit Tower
07:39 Spirit Tower
07:39 Spirit Tower
08:30 Black Citadel
08:30 Black Citadel
08:30 Black Citadel
09:18 Slaughterhouse
09:27 Sacrificial Pit
10:19 Ziggurat
11:16 Boneyard
11:30 Boneyard
11:33 Ziggurat
12:23 Ziggurat
» items
Rod of Necromancy3
Sacrificial Skull1
Scroll of Town Portal4
Potion of Healing2
Potion of Mana1
Orb of Corruption1
Potion of Lesser Invulnerability1
Scroll of Protection1
14 total
Random» HumanIveGotYourBack (red | 69 APM | 1239 actions | 17:56)
Hero icon 4 Archmage
Ability icon 1 Summon Water Elemental
Ability icon 1 Brilliance Aura
Ability icon 2 Blizzard

» actions
Assign group hotkey15
Basic commands38
Build / train65
ESC pressed1
Enter build submenu32
Enter hero's abilities submenu4
Give item / drop item1
Right click552
Select / deselect246
Select group hotkey227
Use ability58
1239 total
» units
Peasant15
Footman4
Rifleman13
Goblin Shredder1
Mortar Team2
Siege Engine4
39 total
» upgrades
Masonry3
Lumber Harvesting1
Gunpowder1
Plating1
Barrage1
Fragmentation Shards1
8 total
» buildings
Farm10
Altar of Kings1
Barracks2
Arcane Vault1
Blacksmith1
Lumber Mill1
Town Hall1
Keep1
Scout Tower10
Guard Tower5
Castle1
Workshop2
36 total
» build order
00:21 Farm
00:33 Altar of Kings
01:09 Barracks
01:17 Arcane Vault
01:36 Farm
02:00 Blacksmith
02:14 Lumber Mill
02:39 Farm
03:10 Farm
04:43 Town Hall
05:33 Farm
07:26 Farm
07:40 Keep
08:17 Scout Tower
08:19 Scout Tower
08:31 Scout Tower
08:43 Scout Tower
08:49 Scout Tower
09:16 Scout Tower
09:32 Guard Tower
10:28 Guard Tower
10:52 Scout Tower
12:00 Castle
12:01 Guard Tower
12:04 Barracks
12:07 Workshop
12:42 Scout Tower
13:04 Workshop
13:20 Guard Tower
14:19 Farm
14:23 Farm
14:26 Farm
14:29 Farm
14:46 Scout Tower
15:20 Guard Tower
15:25 Scout Tower
» items
Mechanical Critter2
Scroll of Regeneration2
Scroll of Town Portal2
6 total

Chat log


(02:13 / Allies) DanielCormier: so many virgins in this game
(02:19 / All) IveGotYourBack: ive got pink
(02:20 / Allies) Shade: uh huh

(11:44 / Allies) DanielCormier: this is so tiresome

(15:13 / Allies) Shade: b
(15:38 / Allies) Lord_Ramzy: guys I can't handle lacke of aa